 Dungeon Crawl Stone Soup version 0.31.0-12-g77e489cdc1 (webtiles) character file.

Game seed: 5572794494361980949

96070 mujulu the Executioner (level 15, -1/148 (157) HPs)
             Began as a Minotaur Berserker on Feb 27, 2024.
             Was an Elder of Trog.
             Killed from afar by a hell knight (20 damage)
             ... with a bolt of fire
             ... on level 1 of the Depths.
             The game lasted 01:24:31 (25705 turns).

mujulu the Executioner (Minotaur Berserker)        Turns: 25705, Time: 01:24:31

HP:   -1/148 (157)  AC: 22    Str: 34    XL:     15   Next: 68%
MP:   0/14          EV: 16    Int:  4    God:    Trog [****..]
Gold: 543           SH:  9    Dex: 11    Spells: 14/14 levels left

rFire   . . .        k - +11 hand axe "Conservator" {flame, ^Fragile rC+ SInv}
rCold   + + .        b - +2 kite shield {rC+}
rNeg    . . .        w - +2 plate armour {rPois}
rPois   +            (helmet restricted)
rElec   .            p - +1 cloak {Will+}
rCorr   .            z - +0 pair of gloves
SInv    +            A - +0 pair of boots
Will    ++++.        D - amulet of guardian spirit Stlth
                     J - +6 ring of strength
HPRegen 1.44/turn    I - +5 ring of evasion
MPRegen 0.14/turn

%: guardian spirit
@: about to teleport, strong-willed, on berserk cooldown, regenerating, slowed,
drained, very slow
A: horns 2, retaliatory headbutt
a: Renounce Religion, Berserk, Trog's Hand, Brothers in Arms


You were on level 1 of the Depths.
You worshipped Trog.
Trog was greatly pleased with you.
You visited 4 branches of the dungeon, and saw 19 of its levels.
You visited 1 bazaar.

You collected 1997 gold pieces.
You spent 1454 gold pieces at shops.

Inventory:

Hand Weapons
 k - the +11 hand axe "Conservator" (weapon) {flame, ^Fragile rC+ SInv}
   (You found it on level 2 of the Dungeon)

   rC+:       It protects you from cold.
   SInv:      It lets you see invisible.
   ^Fragile:  It will be destroyed if unequipped.
 Q - a +0 battleaxe
Missiles
 h - 6 atropa-tipped darts
 P - 3 javelins (quivered)
Armour
 b - a +2 kite shield of cold resistance (worn)
 p - a +1 cloak of willpower (worn)
 t - a +2 kite shield
 w - a +2 plate armour of poison resistance (worn)
 z - a +0 pair of gloves (worn)
 A - a +0 pair of boots (worn)
Jewellery
 c - a ring of positive energy
 j - a ring of poison resistance
 r - a ring of positive energy
 D - an amulet of guardian spirit (around neck)
 I - a +5 ring of evasion (right hand)
 J - a +6 ring of strength (left hand)
Wands
 q - a wand of roots (14)
 s - a wand of charming (13)
 v - a wand of flame (48)
 F - a wand of quicksilver (4)
Scrolls
 a - 2 scrolls of teleportation
 d - 9 scrolls of identify
 e - 2 scrolls of noise
 f - a scroll of revelation
 n - a scroll of butterflies
 o - 5 scrolls of fear
 u - a scroll of silence
 x - 2 scrolls of torment
 y - 7 scrolls of immolation
 B - 3 scrolls of enchant armour
 L - a scroll of vulnerability
 N - 2 scrolls of enchant weapon
 O - a scroll of brand weapon
Potions
 g - 3 potions of attraction
 i - 5 potions of curing
 l - a potion of ambrosia
 m - a potion of enlightenment
 C - 3 potions of mutation
 E - a potion of haste
 K - a potion of invisibility
 M - 2 potions of heal wounds
Miscellaneous
 H - a box of beasts


   Skills:
 - Level 20.6 Fighting
 + Level 21.2 Axes
 + Level 10.6 Armour
 - Level 12.0 Dodging


You had 14 spell levels left.
You didn't know any spells.
Your spell library was empty.

Dungeon Overview and Level Annotations

Branches:
Dungeon (15/15)            Temple (0/1) D:5            Lair (0/5) D:8
    Orc (2/2) D:10            Elf (1/3) Orc:2        Vaults (0/5) D:13
 Depths (1/4) D:15

Altars:
Ashenzari
Dithmenos
Fedhas
Gozag
Kikubaaqudgha
Makhleb
Sif Muna
Trog
Vehumet
Yredelemnul
The Shining One

Shops:
D:13 :!=[   Orc:2 *:*

Annotations:
D:1 1 transporter
D:7 exclusion: ice statue
Elf:1 1 runed translucent door, Peloso's ghost, adept MiFi


Innate Abilities, Weirdness & Mutations

You have a pair of horns on your head.
You reflexively headbutt those who attack you in melee.


Message History

The hell knight is almost dead.
You slash the hell knight!
The hell knight mumbles some strange prayers to its god against you.
The bolt of fire hits the hell knight.
The hell knight completely resists.
The bolt of fire misses you.
The hell knight hits you with a +4 halberd of draining!
You feel drained. The hell knight completely misses you.
You furiously retaliate!
You headbutt the hell knight!
The hell knight hits you from afar with a +3 demon trident of flaming!!
The hell knight burns you!
The hell knight hits you from afar with a +5 demon trident.
As you read the scroll of teleportation, it crumbles to dust.
You feel strangely unstable.
The hell knight hits you with a +4 halberd of draining!
You feel drained.
The hell knight calls down the wrath of its god upon you.
The bolt of fire misses you.
The hell knight mumbles some strange prayers to its god against you.
The bolt of fire hits the hell knight.
The hell knight completely resists.
The bolt of fire hits you.
* * * LOW HITPOINT WARNING * * *
The hell knight invokes the aid of its god against you.
The bolt of fire hits the hell knight.
The hell knight completely resists.
The bolt of fire hits you!
* * * LOW HITPOINT WARNING * * *
The hell knight barely misses you. You furiously retaliate!
You headbutt the hell knight!
You kill the hell knight!
Trog accepts your kill. The hell knight completely misses you.
The hell knight prays to its god.
The hell knight seems to speed up.
The hell knight barely misses you. You block the hell knight's attack. x2
You slash the hell knight!
The hell knight is severely wounded.
The hell knight hits you from afar with a +5 demon trident!
* * * LOW HITPOINT WARNING * * *
The hell knight calls down the wrath of its god upon you.
The bolt of fire hits you!!
You die...

####..####
#########...### .
.............## ..
#.#######.#P~~~ .. #.#
#.~~~~~ ###' #.# #.~~~♣~
..... ####.#######.~~.~.
.....p#p)..........#####
..p..p'@#)########......
...!..###.# ##~...#####
..... #.# #~~~~## # ....
#.# #P~~♣# # +## #.#
#~~~# # #.# ##.~# #.#
#..# ##.######.#
........#.#


You could see 4 hell knights.

Vanquished Creatures
  A sphinx (Depths:1)
  Agnes (D:14)
  A deep elf sorcerer (Elf:1)
  4 stone giants
  8 very ugly things (Depths:1)
  3 spark wasps (Depths:1)
  6 vault guards (D:13)
  2 fire dragons (Depths:1)
  A rakshasa (Depths:1)
  Erolcha (D:10)
  7 centaur warriors
  An ice dragon (Depths:1)
  3 boulder beetles
  2 dancing weapons (Elf:1)
  2 deep troll shamans (Depths:1)
  6 two-headed ogres
  5 tengu warriors
  A deep troll earth mage (Depths:1)
  Nergalle (D:11)
  3 deep elf knights (Elf:1)
  5 orc high priests (Orc:2)
  2 hell knights (Depths:1)
  3 iron trolls (Depths:1)
  A glowing orange brain (Depths:1)
  4 deep trolls (Depths:1)
  An orange crystal statue (D:13)
  4 deep elf zephyrmancers (Elf:1)
  2 orc knights
  2 deep elf archers (Elf:1)
  A necromancer (Depths:1)
  3 manticores
  5 deep elf pyromancers
  29 ugly things
  2 cyclopes
  6 orc sorcerers
  8 slime creatures
  An elephant (D:8)
  2 molten gargoyles (Orc:1)
  An ice statue (D:13)
  An unseen horror (D:8)
  3 gargoyles
  Jeremiah (D:8)
  3 kobold demonologists
  A komodo dragon (D:12)
  An efreet (D:15)
  A yaktaur (D:15)
  8 trolls
  A tarantella (shapeshifter) (Depths:1)
  An air elemental (Elf:1)
  2 shadows
  4 water elementals (Depths:1)
  A vampire (D:10)
  2 wyverns
  2 fire elementals (Elf:1)
  8 vampire mosquitoes
  9 wargs
  39 yaks
  4 steam dragons
  Grum (D:8)
  2 basilisks
  Edmund (D:4)
  A water moccasin (D:7)
  2 acid dragons
  Duvessa (D:4)
  A meliai simulacrum (D:15)
  10 orc warriors
  A hornet zombie (D:6)
  A sky beast (D:6)
  A crocodile (shapeshifter) (D:15)
  4 black bears
  5 ogres
  4 wolves (D:8)
  5 centaurs
  A phantom (D:4)
  6 kobold brigands
  5 bullfrogs
  A wyvern zombie (D:6)
  Blork the orc (D:4)
  2 gnoll sergeants
  2 scorpions (D:5)
  3 wights (D:7)
  Dowan (D:4)
  6 killer bees
  A howler monkey (D:11)
  2 electric eels (D:12)
  A bombardier beetle (D:5)
  A bullfrog zombie (D:6)
  3 hounds
  2 jellies
  27 orc priests
  2 sleepcaps
  2 iguanas
  16 orc wizards
  A killer bee zombie (D:6)
  Robin (D:4)
  2 howler monkey zombies (D:6)
  2 adders
  8 gnolls
  A shadow imp (D:7)
  4 white imps
  7 dart slugs
  A ribbon worm (D:2)
  51 orcs
  3 endoplasms
  2 giant cockroaches
  19 goblins
  6 hobgoblins
  2 jackals (D:4)
  33 kobolds
  5 quokkas
  4 ball pythons
  3 bats (D:3)
  A frilled lizard (D:2)
  2 rats
516 creatures vanquished.

Vanquished Creatures (collateral kills)
  2 vault guards (D:13)
  A two-headed ogre (D:12)
  An orc knight (Orc:1)
  An orc warrior (Orc:1)
  An orc (Orc:1)
6 creatures vanquished.

Vanquished Creatures (others)
  A deep elf knight (Elf:1)
  An orc wizard (Orc:2)
2 creatures vanquished.

Grand Total: 524 creatures vanquished

Notes
Turn   | Place    | Note
-------+----------+-------------------------------------------
     0 | D:1      | mujulu the Minotaur Berserker began the quest for the Orb.
     0 | D:1      | Reached XP level 1. HP: 19/19 MP: 0/0
   341 | D:1      | Found a faded altar of an unknown god.
   759 | D:2      | Reached XP level 2. HP: 28/28 MP: 1/1
   800 | D:2      | Identified the +11 hand axe "Conservator" {flame, ^Fragile
                  | rC+ SInv}
   953 | D:2      | Reached skill level 5 in Fighting
  1067 | D:2      | Reached XP level 3. HP: 36/36 MP: 2/2
  1882 | D:3      | Reached ** piety under Trog
  2192 | D:4      | Noticed Dowan
  2196 | D:4      | Noticed Duvessa
  2210 | D:4      | Killed Duvessa
  2211 | D:4      | Reached XP level 4. HP: 41/47 MP: 3/3
  2211 | D:4      | Reached XP level 5. HP: 46/52 MP: 4/4
  2219 | D:4      | Killed Dowan
  2325 | D:4      | Noticed Blork the orc
  2334 | D:4      | Killed Blork the orc
  2335 | D:4      | Reached XP level 6. HP: 29/62 MP: 5/5
  2485 | D:4      | Noticed Edmund
  2499 | D:4      | Killed Edmund
  2734 | D:4      | Noticed Robin
  2740 | D:4      | Killed Robin
  2748 | D:4      | Reached XP level 7. HP: 71/71 MP: 6/6
  2793 | D:4      | Found a burning altar of Makhleb.
  3228 | D:5      | Entered Level 5 of the Dungeon
  3228 | D:5      | Found a staircase to the Ecumenical Temple.
  3256 | D:5      | Reached skill level 10 in Fighting
  3290 | D:5      | Found a bloodstained altar of Trog.
  3705 | D:5      | Found a blossoming altar of Fedhas.
  4231 | D:6      | Reached XP level 8. HP: 73/82 MP: 4/7
  4662 | D:6      | Found a basalt altar of Yredelemnul.
  5252 | D:6      | Found an ancient bone altar of Kikubaaqudgha.
  5731 | D:7      | Found a radiant altar of Vehumet.
  5791 | D:7      | Reached XP level 9. HP: 92/96 MP: 8/8
  5810 | D:7      | Found a glowing golden altar of the Shining One.
  5814 | D:7      | Found a shadowy altar of Dithmenos.
  5815 | D:7      | Reached *** piety under Trog
  6101 | D:7      | Reached skill level 15 in Fighting
  6674 | D:7      | Noticed an ice statue
  6734 | D:8      | Reached skill level 4 in Axes
  6741 | D:8      | Reached skill level 5 in Axes
  6787 | D:8      | Reached skill level 6 in Axes
  6787 | D:8      | Noticed an unseen horror
  6800 | D:8      | Killed an unseen horror
  6801 | D:8      | Reached skill level 7 in Axes
  6892 | D:8      | Noticed Grum
  6898 | D:8      | Reached skill level 8 in Axes
  6904 | D:8      | Killed Grum
  7112 | D:8      | Reached XP level 10. HP: 92/105 MP: 7/9
  7272 | D:8      | Found a staircase to the Lair.
  7280 | D:8      | Reached skill level 9 in Axes
  7288 | D:8      | Noticed an elephant
  7288 | D:8      | Noticed Jeremiah
  7297 | D:8      | Killed an elephant
  7310 | D:8      | Identified a scroll of acquirement
  7310 | D:8      | Acquired a +3 heavy war axe
  7369 | D:8      | Reached skill level 10 in Axes
  7371 | D:8      | HP: 4/89 [yak (3)]
  7377 | D:8      | HP: 6/141 [Jeremiah/+3 trident of draining (6)]
  7378 | D:8      | Killed Jeremiah
  7379 | D:8      | Reached skill level 11 in Axes
  8048 | D:8      | Found an opulent altar of Gozag.
  8364 | D:9      | Found a broken altar of Ashenzari.
  8396 | D:9      | Found a flagged portal.
  8599 | D:9      | Reached skill level 12 in Axes
  8627 | D:9      | Reached **** piety under Trog
  8628 | D:9      | Reached skill level 13 in Axes
  8880 | D:9      | Reached XP level 11. HP: 86/112 MP: 7/10
  9100 | D:9      | Reached skill level 14 in Axes
  9383 | D:9      | Identified the +2 leather armour of Zolikk {Regen+}
  9789 | D:10     | Entered Level 10 of the Dungeon
  9800 | D:10     | Reached skill level 15 in Axes
  9809 | D:10     | Found a staircase to the Orcish Mines.
  9883 | D:10     | Noticed Erolcha
  9889 | D:10     | Killed Erolcha
  9953 | D:10     | Found a shimmering blue altar of Sif Muna.
 10120 | D:10     | Reached skill level 16 in Axes
 10655 | Orc:1    | Entered Level 1 of the Orcish Mines
 10655 | Orc:1    | Noticed an orc knight
 10655 | Orc:1    | Noticed an orc sorcerer
 10655 | Orc:1    | Noticed an orc sorcerer
 10661 | Orc:1    | Killed an orc knight
 10663 | Orc:1    | Killed an orc sorcerer
 10665 | Orc:1    | Killed an orc sorcerer
 10713 | Orc:1    | Reached skill level 17 in Axes
 11236 | Orc:1    | Noticed a two-headed ogre
 11244 | Orc:1    | Killed a two-headed ogre
 11298 | Orc:1    | Noticed a two-headed ogre
 11308 | Orc:1    | Killed a two-headed ogre
 11309 | Orc:1    | Reached XP level 12. HP: 71/121 MP: 5/11
 11637 | Orc:2    | Entered Level 2 of the Orcish Mines
 11824 | Orc:2    | Reached skill level 18 in Axes
 11908 | Orc:2    | Noticed an orc high priest
 11909 | Orc:2    | Noticed an orc high priest
 11937 | Orc:2    | Noticed an orc high priest
 11941 | Orc:2    | Killed an orc high priest
 11953 | Orc:2    | Killed an orc high priest
 11960 | Orc:2    | Killed an orc high priest
 11961 | Orc:2    | Reached skill level 19 in Axes
 12027 | Orc:2    | Found Hihon's Assorted Antiques.
 12248 | Orc:2    | Bought a potion of heal wounds for 130 gold pieces
 12722 | Orc:2    | Noticed an orc high priest
 12722 | Orc:2    | Noticed an orc high priest
 12734 | Orc:2    | Killed an orc high priest
 12739 | Orc:2    | Killed an orc high priest
 12740 | Orc:2    | Reached skill level 20 in Axes
 12787 | Orc:2    | Found Piblejot's Assorted Antiques.
 13005 | Orc:2    | Found a staircase to the Elven Halls.
 13067 | Orc:2    | Found Qouxtos's Book Shoppe.
 13263 | Orc:2    | Bought a scroll of butterflies for 104 gold pieces
 13265 | Orc:2    | Bought a box of beasts for 1040 gold pieces
 13323 | Elf:1    | Entered Level 1 of the Elven Halls
 13618 | Elf:1    | Noticed Peloso's ghost (adept MiFi)
 13620 | Elf:1    | Noticed a deep elf annihilator
 13669 | Elf:1    | Found a runed translucent door.
 13673 | Elf:1    | Reached skill level 5 in Armour
 13673 | Elf:1    | Reached XP level 13. HP: 126/128 MP: 12/12
 13706 | Elf:1    | Paralysed by an air elemental for 1 turns
 14206 | Elf:1    | Noticed a deep elf sorcerer
 14270 | Elf:1    | Killed a deep elf sorcerer
 14934 | D:11     | Noticed Nergalle
 14944 | D:11     | Killed Nergalle
 15677 | D:12     | Reached ***** piety under Trog
 15712 | D:12     | Identified the +5 whip "Eqymo" {freeze, rF- Dex+3}
 16458 | D:12     | Reached skill level 5 in Dodging
 16957 | D:13     | Found Usebruas's Jewellery Emporium.
 17107 | D:13     | Identified the +3 leather armour of Riamuec {rN++}
 17135 | D:13     | Found a flickering gateway to a bazaar.
 17144 | Bazaar   | Entered a bazaar
 17144 | Bazaar   | Found Xavex's Jewellery Boutique.
 17144 | Bazaar   | Found Vujaudus's Antique Armour Boutique.
 17238 | Bazaar   | Bought a glowing cloak for 180 gold pieces
 17253 | Bazaar   | Found Sohunei's Book Shop.
 17297 | Bazaar   | Found Tucyrakk's Weapon Boutique.
 17577 | D:13     | Found Kieqininal's Distillery.
 17626 | D:13     | Found a gate to the Vaults.
 17645 | D:13     | Reached XP level 14. HP: 143/143 MP: 10/13
 17894 | D:13     | Found a transporter.
 17894 | D:13     | Found Ojuimp's Armour Boutique.
 18070 | D:13     | Found a transporter.
 18363 | D:13     | Found Ynyulyr's Book Shoppe.
 18584 | D:14     | Found a gate leading to a gauntlet.
 18728 | D:14     | Noticed Agnes
 18738 | D:14     | Killed Agnes
 20147 | D:15     | Entered Level 15 of the Dungeon
 20258 | D:15     | Reached skill level 10 in Dodging
 21003 | D:15     | Found a staircase to the Depths.
 21003 | D:15     | Noticed a stone giant
 21009 | D:15     | Killed a stone giant
 22393 | Depths:1 | Entered Level 1 of the Depths
 22393 | Depths:1 | Noticed a stone giant
 22393 | Depths:1 | Noticed a sphinx
 22401 | Depths:1 | Killed a sphinx
 22407 | Depths:1 | Killed a stone giant
 22431 | Depths:1 | Reached XP level 15. HP: 106/155 MP: 8/14
 22930 | Depths:1 | Noticed a frost giant
 23499 | Depths:1 | Found a shadowy altar of Dithmenos.
 24116 | Depths:1 | HP: 1/235 [cyan very ugly thing (17)]
 24760 | Depths:1 | Reached skill level 21 in Axes
 24763 | Depths:1 | Reached skill level 10 in Armour
 25705 | Depths:1 | Killed from afar by a hell knight

Illustrated notes

Levels and vault maps discovered:
D:1:      spicycebolla_arrival_transporter_tutorial, layout_basic,
          basic_ecumenical_altar
D:2:      layout_basic
D:3:      layout_basic, kennysheep_donut, minmay_tree_intersection
D:4:      layout_rooms, mainiacjoe_overflow_boulevard, serial_rivers,
          chequers_serial_rivers_marsh, chequers_serial_rivers_small_3,
          chequers_serial_rivers_micro_c, chequers_serial_rivers_small_b,
          chequers_serial_rivers_large_a, chequers_serial_rivers_small_3,
          corexii_hall_statues_t, uniq_robin, uniq_duvessa, uniq_blork_the_orc,
          uniq_edmund
D:5:      nicolae_cairo_tiling_very_big, layout_loops_ring,
          overflow_temple_1_default, trog_three_pillars_becter,
          nicolae_zen_rock_garden
D:6:      layout_loops_ring, nicolae_yredelemnul_corpse_copse, kennysheep_mini,
          dk_noncrumbling_4, minivault_5
D:7:      lemuel_ice_statue, layout_basic, jmf_multi_god_temple,
          general_overflow_altar, serial_curves, eino_curves_04, eino_curves_04,
          chequers_serial_rivers_small_3
D:8:      layout_basic, grunt_gozag_statues, david_lair_generic, uniq_grum,
          uniq_jeremiah
D:9:      layout_loops_corners, nicolae_ashenzari_panopticon, enter_bailey_5
D:10:     layout_basic, amcnicky_altar_gilded, david_orc_3, uniq_erolcha
D:11:     layout_loops_ring, uniq_nergalle
D:12:     layout_rooms, kennysheep_cross_room, dreamdust_mushroom_princess
D:13:     minmay_separated_statues, layout_basic, erik_vaults_2, serial_shops,
          freezing_bzr, nicolae_square_shop, shop,
          nicolae_shop_tiny_statue_garden, nicolae_shop_drivethru
D:14:     layout_irregular_city, gauntlet_entry_generic, nicolae_sextant,
          uniq_agnes
D:15:     grunt_enter_depths_snipers, layout_small_grid, corexii_hall_statues_x
Orc:1:    layout_diamond_mine, nicolae_orc_lava_tube
Orc:2:    st_orc_town, layout_caves
Elf:1:    layout_loops_corners, hellmonk_ghost_big_iron, serial_shops,
          bzr_entry_dummy
Depths:1: layout_gridlike, grunt_metal_band, abyss_entry, serial_bayou,
          serial_bayou_pond_d, serial_bayou_crossing, serial_bayou_pond_d,
          serial_bayou_lagoon_a, kennysheep_big_empty_room,
          grunt_dithmenos_smoke

Skill      XL: |  1  2  3  4  5  6  7  8  9 10 11 12 13 14 15 |
---------------+----------------------------------------------+-----
Fighting       | 4 5 7 8 9 11 14 15 18 20 | 20.6
Axes           | 8 13 17 20 21 | 21.2
Armour         | 5 8 10 | 10.6
Dodging        | 6 11 12 | 12.0

Action                     |  1- 3 |  4- 6 |  7- 9 | 10-12 | 13-15 || total
---------------------------+-------+-------+-------+-------+-------++-------
  Melee: Hand axe          |    66 |    34 |   144 |   407 |   633 ||  1284
         Headbutt          |     7 |     5 |    22 |    75 |   152 ||   261
         Punch             |       |     1 |     4 |     3 |     1 ||     9
  Throw: Dart              |     3 |     5 |     2 |    25 |     3 ||    38
         Javelin           |       |       |       |       |     1 ||     1
 Invoke: Berserk           |       |     2 |     3 |    14 |    21 ||    40
         Trog's Hand       |       |     2 |     1 |     8 |    12 ||    23
         Brothers in Arms  |       |       |       |     1 |     2 ||     3
  Evoke: Wand              |       |       |       |    10 |     2 ||    12
         Box of beasts     |       |       |       |     1 |     3 ||     4
    Use: Scroll            |       |       |       |    17 |     7 ||    24
         Potion            |       |       |       |    10 |     4 ||    14
   Stab: Distracted        |       |       |       |       |     2 ||     2
         Invisible         |       |       |       |       |     1 ||     1
 Armour: Animal skin       |    20 |       |       |       |       ||    20
         Ring mail         |    14 |    31 |   125 |    78 |       ||   248
         Plate armour      |       |       |       |   122 |   451 ||   573
  Dodge: Dodged            |    32 |    13 |   110 |   176 |   248 ||   579
  Block: Buckler           |       |       |       |       |    16 ||    16
         Kite shield       |       |       |       |       |   139 ||   139
